 Dungeon Crawl Stone Soup version 0.27-a0-1066-g29160eaed2 (webtiles) character file.

Game seed: 4731689660594009016

19 Hodglim the Chopper (level 2, 0/27 HPs)
             Began as a Hill Orc Monk on Apr 24, 2021.
             Slain by a kobold
             ... wielding a +2 dagger of venom
              (4 damage)
             ... on level 1 of the Dungeon.
             The game lasted 00:03:36 (968 turns).

Hodglim the Chopper (Hill Orc Monk)                  Turns: 968, Time: 00:03:37

Health: 0/27       AC:  5    Str: 13    XL:     2   Next: 75%
Magic:  2/2        EV: 11    Int: 10    God:
Gold:   0          SH:  0    Dex: 13    Spells: 1/1 levels left

rFire    . . .     SeeInvis .   a - +0 hand axe
rCold    . . .     Faith    .   (no shield)
rNeg     . . .     Spirit   .   d - +0 ring mail
rPois    .         Reflect  .   (no helmet)
rElec    .         Harm     .   (no cloak)
rCorr    .         Rampage  .   (no gloves)
Will     .....                  (no boots)
Stlth    +.........             (no amulet)
HPRegen  0.09/turn              (no ring)
MPRegen  0.08/turn              (no ring)

@: lethally poisoned (0 -> -5)
A: no striking features
a: no special abilities


You were on level 1 of the Dungeon.
You visited 1 branch of the dungeon, and saw 2 of its levels.

Inventory:

Hand Weapons
 a - a +0 hand axe (weapon)
Missiles
 e - 17 stones (quivered)
Armour
 d - a +0 ring mail (worn)
Scrolls
 b - a scroll of brand weapon {unknown}
 c - 2 scrolls of teleportation {unknown}


   Skills:
 + Level 3.9 Fighting
 + Level 4.3 Axes
 + Level 1.0 Armour
 + Level 2.6 Dodging
 - Level 1.5 Stealth


You had one spell level left.
You didn't know any spells.
Your spell library was empty.

Dungeon Overview and Level Annotations

Branches:
Dungeon (2/15)

Altars:

Shops:
D:1 [


Message History

Aim: a kobold, wielding a +2 dagger of venom and quivering stones (50% to hit)
You throw a stone. The stone closely misses the kobold.
Throw: 18 stones
Press: ? - help, Q - select action Shift-Dir - straight line, f/p - kobold
Aim: a kobold, wielding a +2 dagger of venom and quivering stones (50% to hit)
You throw a stone. The stone closely misses the kobold.
You hit the kobold but do no damage.
The kobold hits you with a +2 dagger of venom.
You are poisoned.
The kobold hits you but does no damage.
You hit the kobold.
The kobold is heavily wounded.
You feel very sick. The kobold barely misses you.
You barely miss the kobold.
The kobold is heavily wounded.
You feel sick. The kobold hits you but does no damage.
You are lethally poisoned!
You barely miss the kobold.
The kobold is heavily wounded.
You feel very sick. The kobold misses you.
You barely miss the kobold.
The kobold is heavily wounded.
You feel very sick. The kobold closely misses you.
You hit the kobold.
The kobold is severely wounded.
* * * LOW HITPOINT WARNING * * *
You feel sick. The kobold closely misses you.
You completely miss the kobold.
The kobold is severely wounded.
* * * LOW HITPOINT WARNING * * *
You feel sick. The kobold closely misses you.
You hit the kobold.
The kobold is severely wounded.
* * * LOW HITPOINT WARNING * * *
You feel sick.
The kobold hits you with a +2 dagger of venom.
You die...

########## .........#
.#######.#############
....[...........@K..(#
...#...........#.###.#
...#...........#.#
#.#####
...#...........#.#
#.#..[
...'.....###+###.#
#.#.### ...####### #.#
#.# #.K...# ...# #.#
#.# ###.#.# ...#
#.###.# #.# # ######
#.#...# #.#


You could see a kobold.

Vanquished Creatures
  A dart slug (D:1)
  A bat (D:1)
  An endoplasm (D:1)
  3 hobgoblins (D:1)
  2 jackals (D:1)
  A quokka (D:1)
  A ball python (D:1)
  A goblin (D:1)
  2 kobolds (D:1)
  3 rats (D:1)
16 creatures vanquished.

Notes
Turn   | Place    | Note
-------+----------+-------------------------------------------
     0 | D:1      | Hodglim the Hill Orc Monk began the quest for the Orb.
     0 | D:1      | Reached XP level 1. HP: 19/19 MP: 1/1
   189 | D:1      | Reached XP level 2. HP: 27/27 MP: 2/2
   391 | D:1      | Reached skill level 1 in Armour
   547 | D:1      | Found Luxzunk's Armour Shoppe.
   968 | D:1      | Slain by a kobold

Illustrated notes

Levels and vault maps discovered:
D:1:      dpeg_arrival_connections, layout_basic,
          shapermc_ecumenical_altar_hornbeckon, serial_shops, shop_fountains
D:2:      layout_basic

Skill      XL: |  1  2 |
---------------+-------+-----
Armour         | 1 |  1.0
Fighting       | |  3.9
Axes           | |  4.3
Dodging        | |  2.6
Stealth        | |  1.5

Action                   || total
-------------------------++-------
Melee: Hand axe          ||    58
Throw: Stone             ||    17
Armor: Ring mail         ||    21
Dodge: Dodged            ||    45

Table legend: (Time is in decaauts)
 A = Elapsed time spent in this place.
 B = Non-inter-level travel time spent in this place.
 C = Inter-level travel time spent in this place.
 D = Time resting spent in this place.
 E = Time spent auto-exploring this place.
 F = Levels seen in this place.
 G = Mean time per level.
                   A        B        C        D        E       F      G
               +--------+--------+--------+--------+--------+-----+--------+
         Total |    975 |    975 |      0 |    298 |    375 |   2 |  487.5 |
       Dungeon |    975 |    975 |      0 |    298 |    375 |   2 |  487.5 |
               +--------+--------+--------+--------+--------+-----+--------+

Top non-repeatable levels by time:
     D:1: 725 daAuts
     D:2: 250 daAuts
